 Dungeon Crawl Stone Soup version 0.28-a0-397-g1a7b1a870f (webtiles) character file.

Game seed: 5122880107360696158

87 Decipherer the Poker (level 4, -8/35 HPs)
             Began as a Demonspawn Berserker on Sept 3, 2021.
             Was a Believer of Trog.
             Killed from afar by Natasha (10 damage)
             ... with a puff of flame
             ... on level 2 of the Dungeon.
             The game lasted 00:01:28 (1783 turns).

Decipherer the Poker (Demonspawn Berserker)         Turns: 1783, Time: 00:01:28

Health: -8/35      AC:  6    Str: 19    XL:     4   Next: 28%
Magic:  4/4        EV:  9    Int:  8    God:    Trog [**....]
Gold:   38         SH:  6    Dex: 12    Spells: 3/3 levels left

rFire   . . .      SeeInvis .   a - +0 spear
rCold   . . .      Faith    .   j - +0 kite shield
rNeg    . . .      Spirit   .   i - +0 leather armour
rPois   .          Reflect  .   (no helmet)
rElec   .          Harm     .   (no cloak)
rCorr   .          Rampage  .   (no gloves)
Will    .....                   (no boots)
Stlth   +.........              (no amulet)
HPRegen 0.11/turn               (no ring)
MPRegen 0.09/turn               (no ring)

@: on berserk cooldown
A: icy blue scales 2
a: Renounce Religion, Berserk, Trog's Hand


You were on level 2 of the Dungeon.
You worshipped Trog.
Trog was pleased with you.
You visited 1 branch of the dungeon, and saw 2 of its levels.

You collected 38 gold pieces.

Inventory:

Hand Weapons
 a - a +0 spear (weapon)
Missiles
 f - a throwing net
Armour
 b - a +0 animal skin
 i - a +0 leather armour (worn)
 j - a +0 kite shield (worn)
Scrolls
 d - a scroll of holy word {unknown}
 e - 2 scrolls of identify {unknown}
 h - a scroll of enchant weapon {unknown}
 k - a scroll of summoning {unknown}
 m - a scroll of magic mapping {unknown}
Potions
 g - a potion of lignification {unknown}
 l - a potion of curing {unknown}
 n - a potion of brilliance {unknown}


   Skills:
 + Level 3.5 Fighting
 + Level 3.8 Polearms
 + Level 2.1 Armour
 + Level 2.2 Dodging


You had 3 spell levels left.
You didn't know any spells.
Your spell library contained the following spells:

 Spells                   Type           Power      Damage    Failure   Level
 Magic Dart               Conj           0%         1d3       98%         1
 Call Imp                 Summ           0%         N/A       99%         2
 Mephitic Cloud           Conj/Pois/Air  0%         N/A       100%        3
 Hailstorm                Conj/Ice       0%         3d3       100%        4
 Ice Form                 Ice/Tmut       0%         N/A       100%        4
 Simulacrum               Ice/Necr       0%         N/A       100%        6


Dungeon Overview and Level Annotations

Branches:
Dungeon (2/15)

Altars:

Annotations:
D:2 Natasha


Innate Abilities, Weirdness & Mutations

You are mostly covered in icy blue scales. (AC +3)


Message History

You feel yourself slow down.
Natasha, Servant of Life and Death comes into view.
She is carrying a wand of flame (14).
You are too injured to fight recklessly!
Unknown command.
Natasha is nearby!
You are too injured to fight recklessly!
Unknown command.
Natasha is nearby!
You are too injured to fight recklessly!
Unknown command.
Natasha is nearby!
You are too injured to fight recklessly!
Unknown command.
Natasha is nearby!
You are too injured to fight recklessly!
Unknown command.
Natasha is nearby!
You are too injured to fight recklessly!
Unknown command.
Natasha is nearby!
You are too injured to fight recklessly!
Unknown command.
Natasha zaps a wand.
The puff of flame hits you but does no damage.
Natasha stares at you and mumbles some strange words.
The magic dart hits you.
* * * LOW HITPOINT WARNING * * *
Natasha casts a spell.
There is an open door, spattered with blood here.
You see here the felid corpse of Natasha.
Natasha stares at you and mumbles some strange words.
The magic dart hits you.
* * * LOW HITPOINT WARNING * * *
It was a potion of cancellation.
Your magical effects are unravelling.
You feel magically purged.
You feel yourself speed up.
Natasha casts a spell.
Natasha zaps a wand.
The puff of flame hits you!
You die...

#######..#.###....#.# #.#
#..#.###....#.# #.# #
#..#.....#..#'###### #.#
#######..#######....)÷...####.###
....................÷....'[......
#######.########.#.......####.###
# #.# #.#.......# #.# # #.#
#.#..≈....# #.# # #.# #@#..≈....#
#.### # ..# #h#..≈≈...# #.#.. #
### #5#.5.≈≈..# #.#.# #
#.5#†#≈.### #.#.. #..#.#≈.# #.###
#....#≈≈######....
#.#...≈≈.......###
#.#..#.≈≈#####.#.. #......≈≈≈.#
#.#.#


You could see an iron imp (summoned), Natasha and a crimson imp (summoned).

Vanquished Creatures
  Natasha (twice) (D:2)
  A worm (D:2)
  4 ball pythons (D:1)
  3 endoplasms (D:1)
  2 giant cockroaches (D:1)
  A goblin (D:2)
  2 hobgoblins
  6 jackals (D:1)
  A quokka (D:1)
  2 bats (D:1)
  2 frilled lizards
  4 kobolds (D:1)
  3 rats
33 creatures vanquished.

Notes
Turn   | Place    | Note
-------+----------+-------------------------------------------
     0 | D:1      | Decipherer the Demonspawn Berserker began the quest for the
                  | Orb.
     0 | D:1      | Reached XP level 1. HP: 18/18 MP: 1/1
   446 | D:1      | Found a faded altar of an unknown god.
   454 | D:1      | Gained mutation: You are partially covered in icy blue
                  | scales. (AC +2) [demonic ancestry]
   454 | D:1      | Reached XP level 2. HP: 19/24 MP: 2/2
  1179 | D:1      | Reached XP level 3. HP: 29/29 MP: 3/3
  1382 | D:2      | Reached ** piety under Trog
  1514 | D:2      | Noticed Natasha
  1518 | D:2      | Killed Natasha
  1750 | D:2      | Noticed Natasha
  1764 | D:2      | Killed Natasha
  1765 | D:2      | Gained mutation: You are mostly covered in icy blue scales.
                  | (AC +3) [demonic ancestry]
  1765 | D:2      | Reached XP level 4. HP: 14/35 MP: 4/4
  1772 | D:2      | Noticed Natasha
  1783 | D:2      | Killed from afar by Natasha

Illustrated notes

Levels and vault maps discovered:
D:1:      zaba_arrival_water, layout_basic,
          hellmonk_ecumenical_altar_slurped_away
D:2:      layout_basic, serial_rivers, chequers_serial_rivers_micro_c,
          chequers_serial_rivers_micro_c, chequers_serial_rivers_small_a,
          chequers_serial_rivers_micro_a, chequers_serial_rivers_small_b,
          chequers_serial_rivers_small_b, chequers_serial_rivers_room_a,
          kennysheep_generic_room_15, uniq_natasha, uniq_jessica

Skill      XL: |  1  2  3 |
---------------+----------+-----
Polearms       | 3 |  3.8
Dodging        | 2 |  2.2
Armour         | 2 |  2.1
Fighting       | |  3.5

Action                   |  1- 3 |  4- 6 || total
-------------------------+-------+-------++-------
Melee: Spear             |   123 |       ||   123
Invok: Berserk           |     1 |       ||     1
  Use: Potion            |       |     1 ||     1
Armor: Animal skin       |     2 |       ||     2
       Leather armour    |    33 |     1 ||    34
Dodge: Dodged            |    73 |       ||    73
Block: Kite shield       |     5 |       ||     5

Table legend: (Time is in decaauts)
 A = Elapsed time spent in this place.
 B = Non-inter-level travel time spent in this place.
 C = Inter-level travel time spent in this place.
 D = Time resting spent in this place.
 E = Time spent auto-exploring this place.
 F = Levels seen in this place.
 G = Mean time per level.
                   A        B        C        D        E       F      G
               +--------+--------+--------+--------+--------+-----+--------+
         Total |   1795 |   1762 |     33 |      0 |   1502 |   2 |  897.5 |
       Dungeon |   1795 |   1762 |     33 |      0 |   1502 |   2 |  897.5 |
               +--------+--------+--------+--------+--------+-----+--------+

Top non-repeatable levels by time:
     D:1: 1335 daAuts
     D:2: 460 daAuts
